 Dungeon Crawl Stone Soup version 0.31-a0-325-g067879e3d3 (webtiles) character file.

Game seed: 4043051120310362388

5 HallandMoats the Trooper (level 1, -3/16 HPs)
             Began as an Octopode Monk on July 18, 2023.
             Was a Believer of Kikubaaqudgha.
             Frozen to death by an endoplasm (5 damage)
             ... on level 1 of the Dungeon.
             The game lasted 00:00:44 (292 turns).

HallandMoats the Trooper (Octopode Monk)             Turns: 292, Time: 00:00:44

Health: -3/16      AC:  1    Str: 10    XL:     1   Next: 80%
Magic:  1/1        EV: 14    Int: 12    God:    Kikubaaqudgha [**....]
Gold:   7          SH:  0    Dex: 14    Spells: 0/0 levels left

rFire   . . .        a - +0 short sword
rCold   . . .        c - orb {light}
rNeg    . . .        (helmet restricted)
rPois   .            (no amulet)
rElec   .            (no ring)
rCorr   .            (no ring)
SInv    .            (no ring)
Will    .....        (no ring)
Stlth   +            (no ring)
HPRegen 0.22/turn    (no ring)
MPRegen 0.07/turn    (no ring)
                     (no ring)

%: no passive effects
@: glowing
A: almost no armour, amphibious, 8 rings, camouflage 1, gelatinous body 1,
(nimble swimmer 1), tentacles
a: Renounce Religion, Unearth Wretches


You were on level 1 of the Dungeon.
You worshipped Kikubaaqudgha.
Kikubaaqudgha was pleased with you.
You visited 1 branch of the dungeon, and saw 1 of its levels.

You collected 7 gold pieces.

Inventory:

Hand Weapons
 a - a +0 short sword (weapon)
Armour
 c - an orb of light (worn)
Potions
 b - a potion of ambrosia
 d - a potion of berserk rage {unknown}


   Skills:
 * Level 3.1 Fighting
 * Level 3.1 Short Blades
 * Level 3.1 Dodging
 + Level 0.5 Stealth


You couldn't memorise any spells.
You didn't know any spells.
Your spell library contained the following spells:

 Spells                   Type           Power      Damage    Failure   Level
 Necrotise                Necr           0%         1d4       32%         1
 Sublimation of Blood     Necr           0%         N/A       45%         2
 Vampiric Draining        Necr           0%         2d6       69%         3
 Animate Dead             Necr           0%         N/A       97%         4


Dungeon Overview and Level Annotations

Branches:
Dungeon (1/15)

Altars:
Kikubaaqudgha

Annotations:
D:1 2 transporters


Innate Abilities, Weirdness & Mutations

You cannot wear most types of armour.
You are amphibious.
You can wear up to eight rings at the same time.
Your skin changes colour to match your surroundings (Stealth+).
Your rubbery body absorbs attacks. (AC +1, EV +1)
((You are camouflaged when in or above water. (Stealth+)))
You have tentacles for arms and can constrict up to eight enemies at once.


Message History

You hit the withered plant.
The withered plant is lightly damaged.
You constrict the withered plant. You hit the withered plant.
The withered plant is lightly damaged.
You constrict the withered plant.
The withered plant crumbles away.
You lose your grip on the withered plant.
You open the door.
There is an open door here.
An endoplasm comes into view.
The endoplasm quivers.
There is a shaft here.
The endoplasm freezes you.
You are frozen.
The endoplasm closely misses you. The endoplasm barely misses you.
The endoplasm barely misses you. The endoplasm hits you.
The endoplasm hits you. The endoplasm hits you. The endoplasm freezes you.
You are frozen.
The endoplasm hits you. The endoplasm closely misses you.
The endoplasm freezes you.
You are frozen.
The endoplasm hits you. The endoplasm hits you.
* * * LOW HITPOINT WARNING * * *
The endoplasm closely misses you. The endoplasm closely misses you.
The endoplasm misses you. The endoplasm hits you.
* * * LOW HITPOINT WARNING * * *
The endoplasm misses you. The endoplasm closely misses you.
The endoplasm freezes you.
You are frozen.
You die...
Kikubaaqudgha rasps: "You have failed me!
Welcome... death!" ......########.####### #....†.............. #.#.########+####### #.#.# #.#.#### ###### # ......# #PPPP##

## # #.##.####.P.PP###P
...##.#^......'......_..
.......@##....#PPP.P###P
#####.#J#######PPPP## ##
...#.# ###### # .... #..
..... ### .... #...


You could see an endoplasm.

Vanquished Creatures
  A bat (D:1)
  An endoplasm (D:1)
  A kobold (D:1)
  2 rats (D:1)
5 creatures vanquished.

Notes
Turn   | Place    | Note
-------+----------+-------------------------------------------
     0 | D:1      | HallandMoats the Octopode Monk began the quest for the Orb.
     0 | D:1      | Reached XP level 1. HP: 16/16 MP: 1/1
   157 | D:1      | Found a faded altar of an unknown god.
   221 | D:1      | Prayed at the altar of an unknown god.
   221 | D:1      | Became a worshipper of Kikubaaqudgha
   221 | D:1      | Reached * piety under Kikubaaqudgha
   221 | D:1      | Received a gift from Kikubaaqudgha
   221 | D:1      | Reached ** piety under Kikubaaqudgha
   292 | D:1      | Frozen to death by an endoplasm

Illustrated notes

Levels and vault maps discovered:
D:1:      spicycebolla_arrival_transporter_tutorial, layout_basic,
          shapermc_ecumenical_altar_flowoftime, minivault_26

Action                     || total
---------------------------++-------
  Melee: Short sword       ||    41
         Tentacles         ||    14
         Constrict         ||     7
         Punch             ||     1
   Stab: Sleeping          ||     1
  Dodge: Dodged            ||     9

Table legend: (Time is in decaauts)
 A = Elapsed time spent in this place.
 B = Non-inter-level travel time spent in this place.
 C = Inter-level travel time spent in this place.
 D = Time resting spent in this place.
 E = Time spent auto-exploring this place.
 F = Levels seen in this place.
 G = Mean time per level.
                   A        B        C        D        E       F      G
               +--------+--------+--------+--------+--------+-----+--------+
         Total |    285 |    285 |      0 |      0 |    146 |   1 |  285.0 |
       Dungeon |    285 |    285 |      0 |      0 |    146 |   1 |  285.0 |
               +--------+--------+--------+--------+--------+-----+--------+

Top non-repeatable levels by time:
     D:1: 285 daAuts
